 Dungeon Crawl Stone Soup version 0.31-a0-233-g139696dc86 (webtiles) character file.

Game seed: 7668299223501510235

25 qw the Shooter (level 3, -1/21 HPs)
             Began as a Gargoyle Hexslinger on July 8, 2023.
             Killed from afar by Sigmund (6 damage)
             ... with a puff of flame
             ... on level 2 of the Dungeon.
             The game lasted 00:00:20 (1284 turns).

qw the Shooter (Gargoyle Hexslinger)                Turns: 1284, Time: 00:00:21

Health: -1/21      AC:  8    Str:  8 (11) XL:     3   Next: 4%
Magic:  4/4        EV: 10    Int: 10 (13) God:
Gold:   73         SH:  0    Dex: 13 (14) Spells: 3/4 levels left

rFire   . . .        Y - +1 sling
rCold   . . .        (no shield)
rNeg    + . .        d - +0 ring mail
rPois   inf          (no helmet)
rElec   +            (no cloak)
rCorr   .            (no gloves)
SInv    .            (no boots)
Will    .....        (no amulet)
Stlth   +            (no ring)
HPRegen 0.23/turn    (no ring)
MPRegen 0.09/turn

%: no passive effects
@: no status effects
A: sickness immunity, AC +3, negative energy resistance 1, electricity
resistance, torment resistance 1, petrification resistance
a: no special abilities


You were on level 2 of the Dungeon.
You visited 1 branch of the dungeon, and saw 2 of its levels.

You collected 73 gold pieces.


Innate Abilities, Weirdness & Mutations

You are immune to sickness and miasma.
Your stone body is resilient. (AC +3)
You are immune to poison.
You resist negative energy. (rN+)
You are resistant to electric shocks. (rElec)
You are resistant to unholy torment.
You are immune to petrification.


   Skills:
 - Level 2.0 Fighting
 + Level 3.0 Ranged Weapons
 - Level 1.5 Dodging
 - Level 1.0 Spellcasting
 - Level 2.6 Hexes


You had 3 spell levels left.
You knew the following spells:

 Your Spells              Type           Power      Damage    Failure   Level
a - Slow                  Hex            20%        N/A       34%         1

Your spell library contained the following spells:

 Spells                   Type           Power      Damage    Failure   Level
 Inner Flame              Hex/Fire       3%         N/A       88%         3
 Portal Projectile        Hex/Tloc       6%         N/A       88%         3
 Cause Fear               Hex            2%         N/A       98%         4

Inventory:

Hand Weapons
 Y - a +1 sling (weapon)
Armour
 d - a +0 ring mail (worn)
Scrolls
 b - a scroll of identify {unknown}
Potions
 h - a potion of attraction {unknown}
 i - a potion of enlightenment

Dungeon Overview and Level Annotations

Branches:
Dungeon (2/15)

Altars:

Shops:
D:1 (

Annotations:
D:2 Sigmund


Message History

The puff of flame hits you.
Sigmund hits you from afar with a +0 scythe of venom.
You shoot a sling bullet. The sling bullet barely misses Sigmund.
Sigmund gestures at you while chanting. The puff of flame misses you.
You shoot a sling bullet.
The sling bullet closely misses Sigmund.
Sigmund gestures at you while chanting.
The magic dart hits you but does no damage.
You shoot a sling bullet.
The sling bullet hits Sigmund but does no damage.
Sigmund is moderately wounded.
Sigmund hits you but does no damage.
You shoot a sling bullet. The sling bullet hits Sigmund.
Sigmund is heavily wounded.
Sigmund points at you and mumbles some strange words.
The puff of flame hits you.
You shoot a sling bullet. The sling bullet hits Sigmund.
Sigmund is severely wounded.
Sigmund smiles chillingly.
Sigmund hits you from afar with a +0 scythe of venom!
1272 ||| READING scroll labelled XOVVYU ZOURR.
As you read the scroll labelled XOVVYU ZOURR, it dissolves into smoke.
It was a scroll of fog.
Sigmund closely misses you.
Enter note:
Enter note:
Enter note: Sigmund gestures wildly while chanting.
Sigmund flickers and vanishes!
Deactivating autopickup; reactivate with Ctrl-A.
Autopickup is now on.
A magic dart appears from out of thin air!
Deactivating autopickup; reactivate with Ctrl-A.
The magic dart hits you.
Autopickup is now on.
A puff of flame appears from out of thin air!
Deactivating autopickup; reactivate with Ctrl-A.
The puff of flame hits you.
You die...

..#....%## #.<.#
..##...## #.###
#........###########.#
#............#.....#.#
..###................#
# #................#
#................#
##................#
#.....@.......¤¤..#
#.#...........¤.¤¤#
...##.......{..¤¤¤# ..
##.....#....¤¤#
############¤# ##¤#
#¤¤# #¤## #¤¤


There were no monsters in sight!

Vanquished Creatures
  5 endoplasms (D:1)
  4 goblins
  3 hobgoblins (D:1)
  2 ball pythons (D:1)
  2 bats (D:1)
  2 frilled lizards
  3 kobolds
21 creatures vanquished.

Notes
Turn   | Place    | Note
-------+----------+-------------------------------------------
     0 | D:1      | qw the Gargoyle Hexslinger began the quest for the Orb.
     0 | D:1      | Reached XP level 1. HP: 12/12 MP: 2/2
     0 | D:1      | 0 ||| qw: Version: 0.3-a-46-gb1f654a
     0 | D:1      | 0 ||| qw: Game counter: 3562
     0 | D:1      | 0 ||| qw: Melee chars always use a shield: true
     0 | D:1      | 0 ||| qw: God list: Okawaru
     0 | D:1      | 0 ||| qw: Allow faded altars: false
     0 | D:1      | 0 ||| qw: Do Orc after clearing Dungeon:15 true
     0 | D:1      | 0 ||| qw: Do second Lair branch before Depths: true
     0 | D:1      | 0 ||| qw: Lair rune preference: random
     0 | D:1      | 0 ||| qw: Goals: Normal
     0 | D:1      | 0 ||| PLANNING D:1-11
   240 | D:1      | Reached XP level 2. HP: 16/16 MP: 3/3
   424 | D:1      | Found Beinus's Antique Weapon Boutique.
   427 | D:1      | 427 ||| SHOPLISTING transparent sling (175 gold, have 11).
   639 | D:1      | Found a faded altar of an unknown god.
   703 | D:1      | Reached skill level 3 in Ranged Weapons
  1120 | D:1      | 1120 ||| UPGRADING to +0 ring mail.
  1130 | D:1      | 1130 ||| DROPPING +0 robe.
  1131 | D:1      | 1131 ||| READING scroll labelled DAH QEINORANU.
  1136 | D:1      | 1136 ||| READING scroll labelled CAOHAMN NISHRISM.
  1137 | D:1      | 1137 ||| READING scroll labelled XEXETY FUGGEOKH.
  1138 | D:1      | 1138 ||| DRINKING 2 fizzy blue potions.
  1139 | D:1      | 1139 ||| DRINKING 2 lumpy yellow potions.
  1140 | D:1      | 1140 ||| DROPPING scroll of poison.
  1141 | D:1      | 1141 ||| DROPPING potion of degeneration.
  1229 | D:2      | Reached XP level 3. HP: 21/21 MP: 4/4
  1261 | D:2      | Noticed Sigmund
  1272 | D:2      | 1272 ||| READING scroll labelled XOVVYU ZOURR.
  1283 | D:2      | HP: 5/21 [something/magic dart (5)]
  1284 | D:2      | Killed from afar by Sigmund

Levels and vault maps discovered:
D:1:      dpeg_arrival_rooms_c, layout_basic, basic_ecumenical_altar,
          serial_shops, shop, roderic_serpentine_path
D:2:      kennysheep_big_flooded_room, layout_rooms, uniq_crazy_yiuf_cottage,
          uniq_sigmund, uniq_terence

Skill      XL: |  1  2 |
---------------+-------+-----
Ranged Weapons | 3 |  3.0
Fighting       | 2 |  2.0
Dodging        | |  1.5
Spellcasting   | |  1.0
Hexes          | |  2.6

Action                     || total
---------------------------++-------
   Fire: Sling             ||    58
    Use: Scroll            ||     4
         Potion            ||     2
 Armour: Ring mail         ||     3
  Dodge: Dodged            ||     7

Table legend:
 A = Non-vault XP
 B = Vault XP
 C = Vault XP percentage of total XP
 D = Non-vault monster count
 E = Vault monster count
 F = Vault count percentage of total count
                 A         B        C        D         E       F
            +---------+---------+-------+---------+---------+-------
      Total |      36 |       0 |   0.0 |      21 |       0 |   0.0
            +---------+---------+-------+---------+---------+-------
        D:1 |      29 |       0 |   0.0 |      17 |       0 |   0.0
        D:2 |       7 |       0 |   0.0 |       4 |       0 |   0.0
            +---------+---------+-------+---------+---------+-------
